 Dungeon Crawl Stone Soup version 0.24-a0-613-g1ff6aac338 (webtiles) character file.

Game seed: 15351005644552283388, levelgen mode: deterministic

716 AFishMan the Skirmisher (level 7, -3/55 HPs)
             Began as a Demonspawn Abyssal Knight on Sept 10, 2019.
             Was an Elder of Lugonu.
             Slain by a worker ant (5 damage)
             ... on level 5 of the Dungeon on Sept 11, 2019.
             The game lasted 00:28:48 (3648 turns).

AFishMan the Skirmisher (Demonspawn Abyssal Knight) Turns: 3648, Time: 00:28:48

Health: -3/55      AC:  6    Str: 14    XL:     7   Next: 41%
Magic:  8/8        EV:  9    Int: 14    God:    Lugonu [****..]
Gold:   297        SH:  0    Dex: 12    Spells: 6/6 levels left

rFire    x . .     SeeInvis .   o - +0 war axe
rCold    + + .     Gourm    .   (no shield)
rNeg     . . .     Faith    .   g - +0 scale mail
rPois    .         Spirit   .   (helmet restricted)
rElec    .         Reflect  .   (no cloak)
rCorr    .         Harm     .   (no gloves)
MR       .....                  (no boots)
Stlth    ..........             (no amulet)
HPRegen  0.18/turn              n - ring of protection from cold
MPRegen  0.11/turn              b - ring of ice

@: marked
A: horns 2, talons 1, spiny 1
a: Depart the Abyss, Bend Space, Banish, Corrupt, Renounce Religion


You were on level 5 of the Dungeon.
You worshipped Lugonu.
Lugonu was greatly pleased with you.
You were near starving.

You visited 1 branch of the dungeon, and saw 5 of its levels.
You visited the Abyss 1 time.

You collected 297 gold pieces.

Inventory:

Hand Weapons
 a - a +1 hand axe
 k - a +3 dagger
 o - a +0 war axe (weapon)
Missiles
 h - 4 boomerangs (quivered)
Armour
 d - a +0 ring mail
 g - a +0 scale mail (worn)
Jewellery
 b - a ring of ice (right hand)
 n - a ring of protection from cold (left hand)
Wands
 p - a wand of flame (20)
 q - a wand of paralysis (13)
Scrolls
 f - a scroll of remove curse
 i - a scroll of amnesia
 j - 2 scrolls of enchant armour
 t - a scroll of fear
Potions
 l - a potion of resistance
 r - a potion of cancellation
 u - a potion of curing
Comestibles
 c - 9 rations


   Skills:
 + Level 4.4 Fighting
 + Level 3.9 Axes
 + Level 4.2 Throwing
 + Level 3.6 Armour
 + Level 1.5 Dodging
 + Level 0.7 Stealth
 + Level 2.5 Invocations


You had 6 spell levels left.
You didn't know any spells.
Your spell library was empty.

Dungeon Overview and Level Annotations

Branches:
Dungeon (5/15)             Temple (0/1) D:4

Altars:
The Shining One

Annotations:
D:5 Blork the orc


Innate Abilities, Weirdness & Mutations

You have a pair of horns on your head.
You have sharp toenails.
You are partially covered in sharp spines.


Message History

Aim: Blork the orc, wielding a +0 trident and wearing a +0 robe (almost dead, fast, chance to defeat MR: 81%)
You fail to use your ability.
Blork the orc hits you from afar with a +0 trident.
* * * LOW HITPOINT WARNING * * *
Throwing (i - inventory)
h - 4 boomerangs (quivered)
Press: ? - help, Shift-Dir - straight line, f/p - Blork the orc
Aim: Blork the orc, wielding a +0 trident and wearing a +0 robe (almost dead, fast)
You throw a boomerang.
The boomerang closely misses Blork the orc.
Your surroundings suddenly seem different.
A worker ant comes into view.
The worker ant twitches its antennae in your direction.
The worker ant is struck by your spines.
The worker ant barely misses you.
You set off the alarm!
A sentinel's mark forms upon you.
You hear a shout! x9; You hear an angry hiss.
You hear a shout! x4
The worker ant is struck by your spines.
The worker ant bites you.
You die...

##### #
#...#.# #.
#...#.#....
#.......#
#...# #...#
#..a# #..@#
#####


You could see a worker ant.

Vanquished Creatures
  A sky beast (D:5)
  A phantom (D:4)
  An ogre (D:4)
  A howler monkey (D:3)
  2 hounds (D:4)
  An orc priest (D:3)
  An iguana (D:4)
  2 worker ants (D:4)
  6 adders
  6 gnolls (D:3)
  2 oozes
  2 worms
  2 dart slugs
  5 leopard geckos
  6 orcs
  7 bats
  6 giant cockroaches
  13 goblins
  9 hobgoblins
  9 jackals
  3 quokkas (D:4)
  3 ball pythons
  10 frilled lizards
  13 kobolds
  8 rats
120 creatures vanquished.

Notes
Turn   | Place    | Note
-------+----------+-------------------------------------------
     0 | Abyss:1  | AFishMan the Demonspawn Abyssal Knight began the quest for
                  | the Orb.
     0 | Abyss:1  | Reached XP level 1. HP: 18/18 MP: 2/2
    51 | D:1      | Escaped the Abyss
   203 | D:1      | Reached * piety under Lugonu
   203 | D:1      | Gained mutation: You have a pair of small horns on your
                  | head. [demonic ancestry]
   203 | D:1      | Reached XP level 2. HP: 15/24 MP: 3/3
   418 | D:1      | Reached skill level 1 in Dodging
   648 | D:1      | Gained mutation: You are partially covered in sharp spines.
                  | [demonic ancestry]
   648 | D:1      | Reached XP level 3. HP: 21/30 MP: 4/4
  1009 | D:2      | Found a glowing golden altar of the Shining One.
  1184 | D:2      | Reached ** piety under Lugonu
  1325 | D:2      | Reached XP level 4. HP: 34/37 MP: 5/5
  1515 | D:2      | Reached skill level 1 in Throwing
  1938 | D:3      | Reached *** piety under Lugonu
  2099 | D:3      | Gained mutation: You have a pair of horns on your head.
                  | [demonic ancestry]
  2099 | D:3      | Reached XP level 5. HP: 37/42 MP: 6/6
  2272 | D:3      | Gained mutation: You have sharp toenails. [demonic
                  | ancestry]
  2272 | D:3      | Reached XP level 6. HP: 46/48 MP: 7/7
  2685 | D:4      | Found a staircase to the Ecumenical Temple.
  2941 | D:4      | Reached **** piety under Lugonu
  3383 | D:4      | Reached XP level 7. HP: 31/55 MP: 8/8
  3629 | D:5      | Entered Level 5 of the Dungeon
  3629 | D:5      | Noticed Blork the orc
  3644 | D:5      | HP: 2/55 [Blork the orc/+0 trident (2)]
  3648 | D:5      | Slain by a worker ant

Levels and vault maps discovered:
D:1:      minmay_arrival_plants_in_alcoves, layout_basic
D:2:      layout_loops_ring, nicolae_tso_swordbearing_angel
D:3:      layout_basic
D:4:      kennysheep_six_static_rooms, layout_cave_pools,
          minmay_temple_entry_from_below_b, first_ration
D:5:      layout_basic, serial_shops, shop, uniq_blork_the_orc

Skill      XL: |  1  2  3  4  5  6  7 |
---------------+----------------------+-----
Dodging        | 1 |  1.5
Axes           | 2 3 |  3.9
Armour         | 2 3 |  3.6
Throwing       | 2 3 4 |  4.2
Fighting       | 4 |  4.4
Stealth        | |  0.7
Invocations    | |  2.5

Action                   |  1- 3 |  4- 6 |  7- 9 || total
-------------------------+-------+-------+-------++-------
Melee: Hand axe          |    95 |    39 |       ||   134
       Headbutt          |     6 |    10 |     2 ||    18
       War axe           |       |    43 |     7 ||    50
       Kick              |       |     6 |     2 ||     8
Throw: Boomerang         |    25 |    95 |    13 ||   133
Invok: Depart the Abyss  |     1 |       |       ||     1
  Use: Scroll            |     5 |     6 |     1 ||    12
       Potion            |       |     3 |     2 ||     5
  Eat: Ration            |     1 |     1 |       ||     2
Armor: Leather armour    |    19 |       |       ||    19
       Scale mail        |    19 |    25 |     2 ||    46
Dodge: Dodged            |    81 |    51 |    12 ||   144

Table legend:
 A = Non-vault XP
 B = Vault XP
 C = Vault XP percentage of total XP
 D = Non-vault monster count
 E = Vault monster count
 F = Vault count percentage of total count
                 A         B        C        D         E       F
            +---------+---------+-------+---------+---------+-------
      Total |     984 |      40 |   3.9 |     114 |       6 |   5.0
            +---------+---------+-------+---------+---------+-------
        D:1 |      50 |       0 |   0.0 |      26 |       0 |   0.0
        D:2 |      88 |       0 |   0.0 |      36 |       0 |   0.0
        D:3 |     245 |       0 |   0.0 |      36 |       0 |   0.0
        D:4 |     465 |      40 |   7.9 |      15 |       6 |  28.6
        D:5 |     136 |       0 |   0.0 |       1 |       0 |   0.0
            +---------+---------+-------+---------+---------+-------
